 Dungeon Crawl Stone Soup version 0.20-a0-1065-g8446734 (webtiles) character file.

33721 Lochraine the Grappler (level 13, -29/130 HPs)
             Began as a Troll Warper on Apr 28, 2017.
             Was a Believer of Uskayaw.
             Annihilated by Rupert
             ... wielding a +4 great mace of draining
              (40 damage)
             ... on level 5 of the Lair of Beasts.
             The game lasted 01:00:52 (15698 turns).

Lochraine the Grappler (Troll Warper)              Turns: 15698, Time: 01:00:53

Health: -29/130    AC: 10    Str: 22    XL:     13   Next: 38%
Magic:  11/17      EV: 13    Int: 14    God:    Uskayaw [**....]
Gold:   980        SH:  0    Dex: 13    Spells: 8/16 levels left

rFire    . . .     SeeInvis .     - Unarmed
rCold    . . .     Gourm    +   (no shield)
rNeg     . . .     Faith    +   t - +2 robe {MR+}
rPois    .         Spirit   .   (helmet restricted)
rElec    .         Reflect  .   M - +2 cloak
rCorr    .         Harm     .   (gloves unavailable)
MR       ++...                  (boots unavailable)
Stlth    +.........             T - amulet of faith
Regen    0.8/turn               I - ring of wizardry
MPRegen  0.2/turn               Q - ring of protection from magic

@: brilliant, heavily drained
A: unfitting armour, claws 3, fast metabolism 3, gourmand, regeneration 1,
shaggy fur 1, tough skin 2
a: Stomp, Line Pass, Renounce Religion


You were on level 5 of the Lair of Beasts.
You worshipped Uskayaw.
Uskayaw was noncommittal.
You were very full.

You visited 2 branches of the dungeon, and saw 17 of its levels.
You also visited: Labyrinth.

You collected 980 gold pieces.

Inventory:

Hand Weapons
 g - the +4 dire flail of Huarux {drain, rElec Str+3}
   (You found it in a labyrinth)

   A truly terrible weapon, it drains the life of those it strikes.
   It affects your strength (+3).
   It insulates you from electricity.
Missiles
 p - 15 tomahawks (quivered)
Armour
 t - a +2 robe of magic resistance (worn)
 M - a +2 cloak (worn)
Jewellery
 k - an uncursed ring of flight
 x - an uncursed amulet of regeneration
 y - an uncursed ring of positive energy
 D - an uncursed ring of magical power
 I - a ring of wizardry (left claw)
 Q - a ring of protection from magic (right claw)
 T - an amulet of faith (around neck)
Wands
 a - a wand of paralysis (10/24)
 l - a wand of disintegration (8/24)
 q - a wand of confusion (21/48)
 u - a wand of polymorph (11/24)
 w - a wand of iceblast (0/15)
 G - a wand of paralysis (5/24)
 N - a wand of random effects (17/48)
 R - a wand of enslavement (6/24)
 Y - a wand of confusion (20/48)
 Z - a wand of digging (12/24)
Scrolls
 d - a scroll of teleportation
 h - a scroll of recharging
 j - 11 scrolls of remove curse
 n - 3 scrolls of enchant weapon
 B - 2 scrolls of fog
 E - a scroll of enchant armour
 J - a scroll of immolation
 K - a scroll of vulnerability
Potions
 m - a potion of flight
 s - a potion of cancellation
 v - 6 potions of curing
 z - a potion of degeneration {unknown}
 H - 2 potions of resistance
 L - a potion of ambrosia {unknown}
 V - a potion of berserk rage {unknown}
Books
 b - a book of Ice

   Spells                             Type                      Level
   a - Ice Form                       Ice/Transmutation            4
   b - Metabolic Englaciation         Hexes/Ice                    5
   c - Ozocubu's Refrigeration        Ice                          6
   d - Bolt of Cold                   Conjuration/Ice              6
   e - Freezing Cloud                 Conjuration/Ice/Air          6
   f - Simulacrum                     Ice/Necromancy               6
 i - a book of Minor Magic

   Spells                             Type                      Level
   a - Magic Dart                     Conjuration                  1
   b - Blink                          Translocation                2
   c - Call Imp                       Summoning                    2
   d - Slow                           Hexes                        2
   e - Conjure Flame                  Conjuration/Fire             3
   f - Mephitic Cloud                 Conjuration/Poison/Air       3
 A - a book of Debilitation

   Spells                             Type                      Level
   a - Corona                         Hexes                        1
   b - Slow                           Hexes                        2
   c - Inner Flame                    Hexes/Fire                   3
   d - Portal Projectile              Hexes/Translocation          3
   e - Cause Fear                     Hexes                        4
   f - Leda's Liquefaction            Hexes/Earth                  4
 C - a book of Spatial Translocations

   Spells                             Type                      Level
   a - Blink                          Translocation                2
   b - Shroud of Golubria             Charms/Translocation         2
   c - Lesser Beckoning               Translocation                3
   d - Gell's Gravitas                Translocation                3
   e - Teleport Other                 Translocation                3
   f - Passage of Golubria            Translocation                4
 P - a book of Flames

   Spells                             Type                      Level
   a - Flame Tongue                   Conjuration/Fire             1
   b - Throw Flame                    Conjuration/Fire             2
   c - Conjure Flame                  Conjuration/Fire             3
   d - Inner Flame                    Hexes/Fire                   3
   e - Sticky Flame                   Conjuration/Fire             4
   f - Fireball                       Conjuration/Fire             5
 U - a book of Air

   Spells                             Type                      Level
   a - Shock                          Conjuration/Air              1
   b - Swiftness                      Charms/Air                   2
   c - Static Discharge               Conjuration/Air              3
   d - Airstrike                      Air                          4
   e - Lightning Bolt                 Conjuration/Air              5
Comestibles
 c - 2 meat rations
 f - 14 bread rations
 o - 7 royal jellies
 O - 8 fruits


   Skills:
 + Level 8.8(6.0) Fighting
 - Level 0.8(0.0) Throwing
 - Level 9.3(6.5) Dodging
 + Level 12.5(9.5) Unarmed Combat
 - Level 2.1(0.0) Spellcasting
 - Level 4.5(2.1) Translocations
 + Level 7.6(5.0) Invocations
 + Level 6.0(3.5) Evocations


You had 8 spell levels left.
You knew the following spells:

 Your Spells              Type           Power        Failure   Level  Hunger
a - Blink                 Tloc           N/A          2%          2    ###....
b - Teleport Other        Tloc           ##......     4%          3    ####...
c - Portal Projectile     Hex/Tloc       ##....       7%          3    ####...


Dungeon Overview and Level Annotations

Branches:
Dungeon (12/15)            Temple (0/1) D:4            Lair (5/6) D:9
  Swamp (0/4) Lair:2       Spider (0/4) Lair:4        Slime (0/5) Lair:5
    Orc (0/2) D:9

Altars:
Ashenzari
Cheibriados
Dithmenos
Elyvilon
Fedhas
Gozag
Makhleb
Sif Muna
Trog
Uskayaw
Wu Jian
Xom
Yredelemnul
The Shining One
Beogh
Jiyva

Shops:
D:4 [

Annotations:
D:11 pedritolo's ghost, journeyman TrGl
Lair:1 exclusion: oklob plant
Lair:5 1 runed door, Rupert


Innate Abilities, Weirdness & Mutations

You are too large for most types of armour.
You have claws for hands.
Your metabolism is lightning-fast.
You like to eat raw meat.
Your natural rate of healing is unusually fast.
You are covered in fur. (AC +1)
You have very tough skin. (AC +2)


Message History

Evoke which item? (* to show all) (? for menu, Esc to quit)
Okay, then.
Evoke which item? (* to show all) (? for menu, Esc to quit)
Aiming: Random Effects (will waste charges)
Press: ? - help, Shift-Dir - straight line, f/p - Rupert
Aim: Rupert, wielding a great mace of draining and wearing a ring mail (moderately wounded, berserk, fast, unusually strong)
The mass of ice explodes!
The iceblast engulfs Rupert.
Rupert is heavily wounded.
Evoking this partially-identified wand wasted a few charges.
Your skill with magical items lets you calculate the power of this device...
This wand has 17 charges left.
Casting: Blink
Confirm with . or Enter, or press ? or * to list all spells.
You blink.
Rupert hits you with a great mace of draining!!
* * * LOW HITPOINT WARNING * * *
You feel drained.
* * * LOW HITPOINT WARNING * * *
Rupert hits you with a great mace of draining!!!
You die...

P..>................
#...................
#...................
...................
.P#..#......P...(.. #
#....###.P.....
###..## #P###P(.
###....# # #...
###@#.#.P#### ###...
#§@........P###.#P<.
##...(§..............
#.....P#..(#.##.P...#
##.#..##..#######...#
#######..P# ###.#
#.### ##..# #..###
#.... #....# ##...


You could see Rupert (berserk).

Vanquished Creatures
  A minotaur (Lab)
  Harold (D:11)
  2 hydras (Lair:1)
  The ghost of Bronet the Basher, a novice TrFi of Kikubaaqudgha (D:10)
  Erica (Lair:2)
  3 two-headed ogres
  4 death yaks
  An unseen horror (D:11)
  Pikel (D:3)
  A cyclops (D:11)
  9 elephants
  3 black mambas
  9 spiny frogs
  A centaur skeleton (D:10)
  A komodo dragon (Lair:3)
  11 blink frogs
  9 hippogriffs
  A spriggan (D:7)
  31 yaks
  A wyvern (D:8)
  A hungry ghost (D:10)
  A basilisk (Lair:1)
  Eustachio (D:6)
  A warg (D:5)
  15 water moccasins
  11 porcupines
  3 orc warriors
  2 ice beasts
  A black bear (D:5)
  An eye of draining (D:11)
  2 phantoms
  3 ogres
  2 sky beasts
  4 wolves (Lair:4)
  4 centaurs
  8 crocodiles
  Blork the orc (D:4)
  2 big kobolds
  8 bullfrogs
  3 scorpions
  3 killer bees (D:7)
  A howler monkey (D:11)
  2 electric eels
  4 crimson imps
  4 bullfrog zombies
  3 centaur zombies
  14 orc priests
  5 hounds
  3 jellies
  A quasit (D:8)
  A bullfrog skeleton (D:5)
  3 hell rats (D:9)
  An iguana (D:9)
  9 orc wizards
  5 worker ants
  A hound zombie (D:5)
  5 adders
  10 gnolls
  A shadow imp (D:6)
  2 oozes (D:3)
  2 adder zombies
  4 dart slugs
  4 leopard geckos
  38 orcs
  A ball python (D:4)
  7 giant cockroaches
  7 goblins
  10 hobgoblins
  12 jackals
  7 quokkas
  12 bats
  5 frilled lizards
  14 kobolds
  A leopard gecko skeleton (D:5)
  A leopard gecko zombie (D:7)
  9 rats
  A fungus (Lair:5)
379 creatures vanquished.

Vanquished Creatures (others)
  A slave (D:4)
  A scorpion (D:4)
  Ijyb (D:4)
  A worker ant (D:4)
  5 fungi
  4 plants
13 creatures vanquished.

Grand Total: 392 creatures vanquished

Notes
Turn   | Place    | Note
-------+----------+-------------------------------------------
     0 | D:1      | Lochraine the Troll Warper began the quest for the Orb.
     0 | D:1      | Reached XP level 1. HP: 19/19 MP: 1/1
   210 | D:1      | Reached XP level 2. HP: 28/28 MP: 2/2
   592 | D:1      | Reached XP level 3. HP: 35/35 MP: 3/3
  1047 | D:1      | Reached skill level 3 in Unarmed Combat
  1164 | D:2      | Found a hide-covered altar of Uskayaw.
  1172 | D:2      | Became a worshipper of Uskayaw the Reveler
  1189 | D:2      | Reached * piety under Uskayaw
  1194 | D:2      | Reached ** piety under Uskayaw
  1196 | D:2      | Reached XP level 4. HP: 44/44 MP: 4/4
  1401 | D:2      | Found a faded altar of an unknown god.
  1696 | D:3      | Found a shadowy altar of Dithmenos.
  1884 | D:3      | Reached XP level 5. HP: 46/50 MP: 5/5
  2161 | D:3      | Found a basalt altar of Yredelemnul.
  2224 | D:3      | Found a white marble altar of Elyvilon.
  2290 | D:3      | Reached skill level 4 in Unarmed Combat
  2297 | D:3      | Reached *** piety under Uskayaw
  2467 | D:4      | Noticed Pikel
  2468 | D:4      | Noticed a slave
  2490 | D:3      | Killed Pikel
  2490 | D:3      | Reached skill level 5 in Unarmed Combat
  2490 | D:3      | Reached XP level 6. HP: 24/61 MP: 1/6
  2490 | D:3      | Reached XP level 7. HP: 27/67 MP: 1/7
  2575 | D:4      | Reached **** piety under Uskayaw
  2596 | D:4      | Found a staircase to the Ecumenical Temple.
  2754 | D:4      | Noticed Blork the orc
  2774 | D:4      | Killed Blork the orc
  2815 | D:4      | Killed Ijyb
  2901 | D:4      | Found Mugriuce's Antique Armour Shoppe.
  3253 | D:5      | Entered Level 5 of the Dungeon
  3270 | D:5      | Reached skill level 6 in Unarmed Combat
  3383 | D:5      | Found a shattered altar of Ashenzari.
  3386 | D:5      | Found a blossoming altar of Fedhas.
  3389 | D:5      | Found a snail-covered altar of Cheibriados.
  3435 | D:5      | Reached XP level 8. HP: 70/78 MP: 9/9
  3642 | D:5      | Noticed Prince Ribbit
  3644 | D:5      | Noticed Prince Ribbit
  3644 | D:5      | Prince Ribbit changed into Prince Ribbit the warg
  3648 | D:5      | Killed Prince Ribbit the warg
  3973 | D:5      | Reached skill level 7 in Unarmed Combat
  4173 | D:6      | Noticed Eustachio
  4305 | D:6      | Killed Eustachio
  4327 | D:6      | Noticed a two-headed ogre
  4347 | D:6      | Killed a two-headed ogre
  4347 | D:6      | Reached skill level 5 in Dodging
  4347 | D:6      | Reached skill level 8 in Unarmed Combat
  4347 | D:6      | Reached XP level 9. HP: 34/87 MP: 2/11
  4441 | D:6      | Reached skill level 5 in Fighting
  4881 | D:6      | Found an ornate altar of the Wu Jian Council.
  5205 | D:7      | Reached skill level 5 in Invocations
  5258 | D:7      | Reached skill level 9 in Unarmed Combat
  5368 | D:7      | Reached ***** piety under Uskayaw
  5566 | D:7      | Reached XP level 10. HP: 98/98 MP: 13/13
  5831 | D:8      | Learned a level 2 spell: Blink
  5941 | D:8      | Found an opulent altar of Gozag.
  5949 | D:8      | Found a deep blue altar of Sif Muna.
  5950 | D:8      | Found a burning altar of Makhleb.
  6254 | D:9      | Found a roughly hewn altar of Beogh.
  6318 | D:9      | Found a staircase to the Orcish Mines.
  6460 | D:9      | Found a staircase to the Lair.
  6462 | D:9      | Noticed a death yak
  6462 | D:9      | Noticed a death yak
  6463 | D:9      | Noticed a death yak
  6582 | D:8      | Killed a death yak
  6582 | D:8      | Reached skill level 10 in Unarmed Combat
  6966 | D:9      | Killed a death yak
  6976 | D:9      | Found a glowing golden altar of the Shining One.
  7202 | D:10     | Entered Level 10 of the Dungeon
  7398 | D:10     | Noticed a two-headed ogre
  7408 | D:10     | Killed a two-headed ogre
  7538 | D:10     | Reached skill level 11 in Unarmed Combat
  7740 | D:10     | Reached XP level 11. HP: 97/107 MP: 14/14
  7968 | D:10     | Noticed Bronet's ghost (novice TrFi)
  7983 | D:10     | Killed Bronet's ghost
  8204 | Lair:1   | Entered Level 1 of the Lair of Beasts
  8271 | Lair:1   | Found a labyrinth entrance.
  8310 | Lab      | Entered a labyrinth
  8382 | Lab      | Found an exit through the horrors of the Abyss.
  8574 | Lab      | Noticed a minotaur
  8584 | Lab      | Killed a minotaur
  8590 | Lab      | Got a smoking dire flail
  8615 | Lair:1   | Identified the +4 dire flail of Huarux {drain, rElec Str+3} (You found it in a labyrinth)
  8675 | Lair:1   | Noticed an oklob plant
  8763 | Lair:1   | Noticed a five-headed hydra
  8864 | Lair:1   | Noticed a seven-headed hydra
  8864 | Lair:1   | Noticed an eight-headed hydra
  9512 | D:11     | Killed an unseen horror
  9621 | D:11     | Noticed Harold
  9628 | D:11     | Noticed pedritolo's ghost (journeyman TrGl)
  9873 | D:11     | Killed Harold
  9873 | D:11     | Reached skill level 12 in Unarmed Combat
 10101 | D:11     | Noticed a two-headed ogre
 10115 | D:11     | Killed a two-headed ogre
 10191 | D:11     | Found a shimmering altar of Xom.
 10368 | D:12     | Noticed a green ugly thing
 10604 | Lair:2   | Found a bloodstained altar of Trog.
 10741 | Lair:2   | Reached skill level 1 in Evocations
 10812 | Lair:2   | Noticed Erica
 10819 | Lair:2   | Killed Erica
 10819 | Lair:2   | Reached XP level 12. HP: 112/119 MP: 16/16
 11060 | Lair:2   | Found a staircase to the Swamp.
 12925 | Lair:4   | Found a hole to the Spider Nest.
 12944 | Lair:4   | Reached ****** piety under Uskayaw
 13011 | Lair:4   | You fall through a shaft!
 13019 | Lair:5   | Found a runed door.
 13025 | Lair:5   | Found a viscous altar of Jiyva.
 13025 | Lair:5   | Found a staircase to the Slime Pits.
 13025 | Lair:5   | Noticed an acid blob
 13316 | Lair:5   | Noticed Rupert
 13480 | Lair:4   | Noticed a death yak
 13491 | Lair:4   | Noticed a death yak
 13493 | Lair:4   | Killed a death yak
 13495 | Lair:4   | Noticed a death yak
 13761 | Lair:1   | Learned a level 3 spell: Teleport Other
 13788 | Lair:1   | Killed a seven-headed hydra
 13883 | Lair:1   | Killed a six-headed hydra
 14138 | Lair:1   | Reached XP level 13. HP: 127/130 MP: 17/17
 14140 | Lair:1   | Reached skill level 5 in Evocations
 15648 | Lair:5   | Learned a level 3 spell: Portal Projectile
 15698 | Lair:5   | Annihilated by Rupert

Vault maps used:
D:1:      dpeg_arrival_stone_temple_mockup
D:2:      overflow_temple_1_default, chequers_ecumenical_altar_island
D:3:      kennysheep_ying_yang, nicolae_dithmenos_shadow_blocks,
          serial_bayou_lagoon_a
D:4:      minmay_temple_entry_butterflies, serial_shops, shop, uniq_ijyb,
          uniq_blork_the_orc, uniq_pikel
D:5:      grunt_temple_overflow_diamond, first_bread, uniq_prince_ribbit1
D:6:      minmay_cornered_nines, lemuel_crystal_altar, uniq_eustachio
D:7:      the_bakery, minmay_misc_feat_chi, grunt_ministairs_14
D:8:      grunt_temple_overflow_open
D:9:      tso_oasis_becter, dpeg_lair_monsters, david_orc_5
D:10:     minmay_hedge_maze, minivault_5
D:11:     xom_teletrap_fun, uniq_harold
D:12:     lemuel_flame_loot_2, serial_shops, kennysheep_mini_moat,
          portal_ice_cave_entry_ice_beasts
Lair:1:   lab_entry_generic, minmay_lair_oklob_bushes
Lair:2:   swamp_mist_pool, basic_altar, grunt_megastairs_2, uniq_erica
Lair:3:   wad_woods_road_06, serial_bayou_shore_b
Lair:4:   dummy_spider_entry, lemuel_fruit_tree
Lair:5:   slime_altar_2, uniq_rupert
Lab:      labyrinth_hidden_loot, labyrinth_skeletal_remains, nicolae_lab_plus,
          labyrinth_fake_exit, nicolae_lab_checkerboard

Skill      XL: |  1  2  3  4  5  6  7  8  9 10 11 12 13 |
---------------+----------------------------------------+-----
Dodging        | 2 3 4 5 6 7 8 9 |  9.3
Fighting       | 2 3 4 5 6 7 8 |  8.8
Unarmed Combat | 3 5 6 8 9 11 12 | 12.5
Invocations    | 2 4 5 6 7 |  7.6
Evocations     | 1 4 6 |  6.0
Spellcasting   | 2 |  2.1
Translocations | 3 4 |  4.5
Throwing       | |  0.8

Action                   |  1- 3 |  4- 6 |  7- 9 | 10-12 | 13-15 || total
-------------------------+-------+-------+-------+-------+-------++-------
Melee: Unarmed           |   121 |   134 |   296 |   614 |   167 ||  1332
       Punch             |     1 |     2 |    13 |    40 |    14 ||    70
       Dire flail        |       |       |       |    26 |     2 ||    28
Throw: Tomahawk          |     5 |       |     9 |       |     8 ||    22
       Stone             |     1 |       |       |       |       ||     1
       Large rock        |       |       |       |     1 |     2 ||     3
       Throwing net      |       |       |       |       |     2 ||     2
 Cast: Blink             |       |       |       |     4 |     4 ||     8
       Teleport Other    |       |       |       |       |     2 ||     2
       Portal Projectile |       |       |       |       |     1 ||     1
Invok: Stomp             |       |     1 |     4 |     8 |     2 ||    15
       Line Pass         |       |     1 |     3 |     5 |     3 ||    12
Evoke: Wand              |       |     1 |     8 |    30 |     8 ||    47
  Use: Scroll            |     1 |       |     7 |    27 |     3 ||    38
       Potion            |     1 |       |       |     3 |     2 ||     6
 Stab: Paralysed         |       |     1 |     7 |    41 |    12 ||    61
       Confused          |       |       |     1 |     9 |       ||    10
       Sleeping          |       |       |     4 |       |       ||     4
       Distracted        |       |       |       |     1 |       ||     1
  Eat: Chunk             |    16 |    13 |    30 |    71 |    20 ||   150
       Meat ration       |       |       |       |     1 |       ||     1
       Royal jelly       |       |       |       |     1 |       ||     1
Armor: Robe              |    67 |    65 |    99 |   107 |    38 ||   376
Dodge: Dodged            |    94 |    68 |   153 |   278 |   124 ||   717
